 Dungeon Crawl Stone Soup version 0.22-a0-542-gce4f928 (webtiles) character file.

125 kr3s1m1r the Shooter (level 4, -1/35 HPs)
             Began as a Centaur Arcane Marksman on June 24, 2018.
             Slain by a phantom (7 damage)
             ... on level 3 of the Dungeon.
             The game lasted 00:09:51 (2856 turns).

kr3s1m1r the Shooter (Centaur Arcane Marksman)      Turns: 2856, Time: 00:09:52

Health: -1/35      AC:  7    Str: 13    XL:     4   Next: 82%
Magic:  1/6        EV:  7    Int: 13    God:
Gold:   241        SH:  0    Dex:  9    Spells: 3/6 levels left

rFire    . . .     SeeInvis .   a - +0 shortbow
rCold    . . .     Gourm    .   (shield currently unavailable)
rNeg     . . .     Faith    .   k - +0 scale mail
rPois    .         Spirit   .   m - +0 helmet
rElec    .         Reflect  .   (no cloak)
rCorr    .         Harm     .   (no gloves)
MR       .....                  (no barding)
Stlth    ..........             (no amulet)
HPRegen  0.11/turn              (no ring)
MPRegen  0.10/turn              (no ring)

@: very slightly contaminated, very quick
A: large, hooves 3, deformed body, speed 2, tough skin 3
a: no special abilities


You were on level 3 of the Dungeon.
You were not hungry.

You visited 1 branch of the dungeon, and saw 3 of its levels.

You collected 241 gold pieces.

Inventory:

Hand Weapons
 a - a +0 shortbow (weapon)
 b - a +1 whip of electrocution
 p - a +0 dagger of venom
Missiles
 d - 51 arrows (quivered)
Armour
 k - a +0 scale mail (worn)
 m - a +0 helmet (worn)
Scrolls
 e - a scroll of teleportation {unknown}
 g - a scroll of noise {unknown}
 j - a scroll of enchant armour {unknown}
 l - 4 scrolls of identify {unknown}
 n - a scroll of blinking {unknown}
 q - 2 scrolls of remove curse {unknown}
 r - a scroll of immolation {unknown}
Potions
 c - a potion of flight {unknown}
 h - a potion of lignification {unknown}
 i - a potion of agility {unknown}
 o - a potion of curing
Comestibles
 f - 2 rations
 s - a chunk of flesh


   Skills:
 - Level 1.0 Fighting
 * Level 5.1 Bows
 - Level 1.3 Dodging
 + Level 1.9 Spellcasting
 + Level 3.4 Hexes


You had 3 spell levels left.
You knew the following spells:

 Your Spells              Type           Power        Failure   Level  Hunger
t - Slow                  Hex            ##......     43%         2    ###....
z - Corona                Hex            ##.....      32%         1    ##.....

Your spell library contained the following spells:

 Spells                   Type           Power        Failure   Level  Hunger
 Cause Fear               Hex            ##........   97%         4    #####..
 Portal Projectile        Hex/Tloc       #.....       88%         3    ####...
 Leda's Liquefaction      Hex/Erth       #.........   99%         4    #####..
 Inner Flame              Hex/Fire       #.......     88%         3    ####...


Dungeon Overview and Level Annotations

Branches:
Dungeon (3/15)

Altars:
Nemelex Xobeh
Yredelemnul


Innate Abilities, Weirdness & Mutations

You have hooves in place of feet.
Armour fits poorly on your strangely shaped body.
You cover ground very quickly.
You have extremely tough skin. (AC +3)


Message History

Aim: a phantom (severely damaged)
You shoot an arrow. The arrow barely misses the phantom.
The phantom blinks!
Casting: Corona (safe; 32% risk of failure)
Confirm with . or Enter, or press ? or * to list all spells.
You can't see any susceptible monsters within range! (Use Z to cast anyway.)
You see here an arrow.
The phantom blinks!
Casting: Corona (safe; 32% risk of failure)
Confirm with . or Enter, or press ? or * to list all spells.
Aiming: Corona (safe; 32% risk of failure)
Press: ? - help, Shift-Dir - straight line, f/p - phantom
Aim: a phantom (severely damaged, chance to defeat MR: 28%)
The phantom is outlined in light.
Firing (i - inventory)
d - 52 arrows (quivered)
Press: ? - help, Shift-Dir - straight line, f/p - phantom
Aim: a phantom (severely damaged, softly glowing)
You shoot an arrow. The arrow hits the phantom.
The phantom is almost destroyed.
The phantom hits you!
You die...

#(##.(# #........
#.##..# #........
#(##..# #.......(
#ยง##.W############
#(##...........<..
#.##.............(
#.##..............
#W##..............
#@####............
#(# #............
#.# #............
#.####............
#(.).<............
######............
#............
#............
#............


You could see a phantom.

Vanquished Creatures
  Robin (D:2)
  2 adders
  An ooze (D:3)
  A worm (D:2)
  3 dart slugs
  A leopard gecko (D:2)
  An orc (D:3)
  2 giant cockroaches
  12 goblins
  12 hobgoblins
  4 jackals (D:3)
  8 kobolds
  A quokka (D:3)
  11 bats
  9 frilled lizards
  8 rats
77 creatures vanquished.

Notes
Turn   | Place    | Note
-------+----------+-------------------------------------------
     0 | D:1      | kr3s1m1r the Centaur Arcane Marksman began the quest for the Orb.
     0 | D:1      | Reached XP level 1. HP: 16/16 MP: 2/2
    74 | D:1      | Reached skill level 3 in Bows
   154 | D:1      | Reached XP level 2. HP: 23/23 MP: 3/3
   633 | D:1      | Reached XP level 3. HP: 28/28 MP: 5/5
   968 | D:1      | Reached skill level 4 in Bows
  1358 | D:2      | Learned a level 2 spell: Slow
  1440 | D:2      | Noticed Robin
  1469 | D:2      | Killed Robin
  1476 | D:2      | Reached XP level 4. HP: 33/35 MP: 6/6
  2564 | D:3      | Found a basalt altar of Yredelemnul.
  2578 | D:3      | Reached skill level 5 in Bows
  2683 | D:3      | Found a sparkling altar of Nemelex Xobeh.
  2779 | D:3      | Noticed a phantom
  2856 | D:3      | Slain by a phantom

Vault maps used:
D:1:      onia_arrival_pyramid
D:2:      uniq_robin
D:3:      lemuel_doored_altar, nemelex_xobeh_ov_fountains_minmay

Skill      XL: |  1  2  3  4 |
---------------+-------------+-----
Bows           | 3 4 5 |  5.1
Hexes          | 3 |  3.4
Fighting       | |  1.0
Dodging        | |  1.3
Spellcasting   | |  1.9

Action                   |  1- 3 |  4- 6 || total
-------------------------+-------+-------++-------
Melee: Unarmed           |     4 |       ||     4
       Kick              |     5 |    21 ||    26
       Club              |     2 |       ||     2
       Whip              |    51 |     3 ||    54
       Dagger            |       |   102 ||   102
 Fire: Shortbow          |   108 |    23 ||   131
 Cast: Corona            |     6 |     4 ||    10
       Slow              |     1 |       ||     1
  Use: Potion            |       |     1 ||     1
  Eat: Chunk             |     1 |     4 ||     5
Armor: Robe              |    24 |       ||    24
       Scale mail        |    53 |    71 ||   124
Dodge: Dodged            |    54 |    34 ||    88

Table legend:
 A = Spawn XP
 B = Non-spawn XP
 C = Spawn XP percentage of total XP
 D = Spawn monster count
 E = Non-spawn monster count
 F = Spawn count percentage of total count
 G = Total turns spent on level
                    A         B        C        D         E        F      G
               +---------+---------+-------+---------+---------+-------+---------
         Total |       0 |     179 |   0.0 |       0 |      77 |   0.0 |  2856
               +---------+---------+-------+---------+---------+-------+---------
           D:1 |       0 |      55 |   0.0 |       0 |      36 |   0.0 |  1268
           D:2 |       0 |      83 |   0.0 |       0 |      28 |   0.0 |  1173
           D:3 |       0 |      41 |   0.0 |       0 |      13 |   0.0 |   415
               +---------+---------+-------+---------+---------+-------+---------
